 Dungeon Crawl Stone Soup version 0.31-a0-1-g4198be8af4 (webtiles) character file.

Game seed: 109381118607964281

2430 porpoise the Slicer (level 9, -2/72 HPs)
             Began as a Merfolk Gladiator on May 3, 2023.
             Killed from afar by an orc wizard (4 damage)
             ... with a magic dart
             ... on level 8 of the Dungeon.
             The game lasted 00:21:58 (6796 turns).

porpoise the Slicer (Merfolk Gladiator)             Turns: 6796, Time: 00:21:58

Health: -2/72      AC:  7    Str: 14    XL:     9   Next: 48%
Magic:  9/9        EV: 14    Int:  8    God:
Gold:   273        SH:  0    Dex: 19    Spells: 8/8 levels left

rFire   . . .        a - +6 dagger of Duty {freeze, *Noise rElec Will+}
rCold   . . .        (no shield)
rNeg    + . .        i - +0 leather armour
rPois   .            O - +0 helmet
rElec   +            v - +0 cloak
rCorr   .            x - +0 pair of gloves
SInv    .            K - +0 pair of boots
Will    +....        (no amulet)
Stlth   ++++         q - ring of positive energy
HPRegen 0.32/turn    (no ring)
MPRegen 0.11/turn

%: no passive effects
@: mighty, about to teleport
A: (nimble swimmer 2), mertail
a: no special abilities


You were on level 8 of the Dungeon.
You visited 2 branches of the dungeon, and saw 9 of its levels.
You also visited: Sewer.

You collected 443 gold pieces.
You spent 170 gold pieces at shops.

Inventory:

Hand Weapons
 a - the +6 dagger of Duty (weapon) {freeze, *Noise rElec Will+}
   (You found it on level 4 of the Dungeon)

   rElec:     It insulates you from electricity.
   *Noise:    It may make noises in combat.
   Will:      It increases your willpower.
 b - a +0 sling
 w - a +0 scimitar
 H - a +0 triple sword
 W - a +0 rapier
Missiles
 d - 3 throwing nets
 e - a javelin
 h - 24 poisoned darts (quivered)
 o - 7 boomerangs
Armour
 i - a +0 leather armour (worn)
 v - a +0 cloak (worn)
 x - a +0 pair of gloves (worn)
 K - a +0 pair of boots (worn)
 O - a +0 helmet (worn)
Magical Staves
 z - a staff of fire
Jewellery
 q - a ring of positive energy (left hand)
 C - a +6 ring of intelligence
 N - a ring of fire
Wands
 t - a wand of mindburst (11)
 F - a wand of flame (12)
 P - a wand of charming (11)
Scrolls
 c - a scroll of fear {unknown}
 f - 4 scrolls of teleportation
 g - 3 scrolls of immolation
 l - a scroll of butterflies {unknown}
 m - a scroll of poison {unknown}
 r - a scroll of silence
 y - 2 scrolls of vulnerability
 A - a scroll of noise {unknown}
 B - a scroll of blinking {unknown}
 D - a scroll of enchant armour {unknown}
 E - a scroll of fog {unknown}
 J - 2 scrolls of amnesia
 L - a scroll of enchant weapon {unknown}
 M - a scroll of torment {unknown}
Potions
 k - a potion of cancellation
 n - 3 potions of haste
 p - 2 potions of lignification
 s - 3 potions of curing
 u - 2 potions of berserk rage
 G - 3 potions of heal wounds
 I - a potion of flight {unknown}


   Skills:
 - Level 7.0 Fighting
 - Level 10.0(10.2) Short Blades
 + Level 3.0(7.0) Long Blades
 - Level 2.0 Throwing
 + Level 1.8 Armour
 + Level 5.4 Dodging
 - Level 7.0 Stealth


You had 8 spell levels left.
You didn't know any spells.
Your spell library contained the following spells:

 Spells                   Type           Power      Damage    Failure   Level
 Ensorcelled Hibernation  Hex/Ice        0%         N/A       63%         2
 Ozocubu's Armour         Ice            0%         N/A       85%         3
 Spider Form              Tmut/Pois      0%         N/A       85%         3
 Stone Arrow              Conj/Erth      0%         3d7       85%         3
 Anguish                  Hex/Necr       0%         N/A       99%         4
 Animate Armour           Summ/Erth      0%         N/A       99%         4
 Metabolic Englaciation   Hex/Ice        0%         N/A       100%        5
 Conjure Ball Lightning   Conj/Air       0%         3x3d6     100%        6
 Simulacrum               Ice/Necr       0%         N/A       100%        6
 Discord                  Hex            0%         N/A       100%        8
 Disjunction              Tloc           0%         N/A       100%        8
 Lehudib's Crystal Spear  Conj/Erth      0%         10d2      100%        8


Dungeon Overview and Level Annotations

Branches:
Dungeon (8/15)             Temple (1/1) D:7           Sewer (visited)
   Lair: D:8-11

Altars:
Ashenzari
Cheibriados
Dithmenos
Elyvilon
Fedhas
Gozag
Hepliaklqana
Makhleb
Okawaru
Qazlal
Ru
Sif Muna
Trog
Vehumet
Wu Jian
Xom
Yredelemnul
Zin
The Shining One

Shops:
D:6 *[**?


Innate Abilities, Weirdness & Mutations

((You are very nimble when in or above water. (Stealth+, EV+, Speed+++)))
Your lower body shifts to a powerful aquatic tail in water.


Message History

* * * LOW HITPOINT WARNING * * *
A hobgoblin comes into view.
You puncture the kobold brigand! You freeze the kobold brigand.
The kobold brigand is almost dead.
You puncture the kobold brigand! You freeze the kobold brigand.
You kill the kobold brigand!
You feel sick.
Your base Long Blades skill increases to level 3!
Found a runed scarf.
You feel sick.
The gnoll hits you from afar with a +0 spear!
* * * LOW HITPOINT WARNING * * *
Things that are here:
a +0 short sword; 8 poisoned darts A hobgoblin comes into view.
You feel sick.
A hobgoblin comes into view. It is quivering poisoned darts.
The gnoll closely misses you.
The hobgoblin moves out of view.
You puncture the gnoll! You freeze the gnoll.
You kill the gnoll!
Found an Everburning Encyclopedia.
You feel sick.
You are no longer poisoned.
The hobgoblin hits you.
* * * LOW HITPOINT WARNING * * *
A kobold comes into view. It is wielding a +0 dagger.
You see here a +0 spear.
You puncture the hobgoblin! You freeze the hobgoblin.
You kill the hobgoblin!
An orc wizard comes into view. It is wielding a +0 falchion.
A kobold, 2 gnolls and an orc priest come into view.
The kobold is wielding a +0 whip and quivering poisoned darts.
The orc wizard shouts!
The orc priest shouts!
You hear a shout!
The hobgoblin shouts!
A gnoll comes into view. It is wielding a +1 halberd of venom.
An ogre comes into view. It is wielding a +0 giant club.
You see here a hobgoblin corpse.
As you read the scroll of teleportation, it crumbles to dust.
You feel strangely unstable.
The orc wizard points at you and mumbles some strange words.
The magic dart hits you.
You die...

########################
......g..............'.$
.:K[..o@).)).....).).'..
.O...o####''########)#$.
.g.K. ........ #/()# .
.g.. #..........#$.)#
..g #..........#.>)###
.K #..........#...#P♣ .
############'''#PP
♣..P♣♣♣♣....♣PP
.PP♣PP.)...P♣


You could see an ogre, an orc priest, an orc wizard, 3 gnolls, a hobgoblin and 3
kobolds.

Vanquished Creatures
  Sigmund (D:2)
  A steam dragon (D:6)
  3 water moccasins
  An orc warrior (D:6)
  A black bear (D:5)
  An ogre (D:5)
  2 centaurs (D:8)
  A phantom (D:7)
  A kobold brigand (D:8)
  Blork the orc (D:6)
  A gnoll sergeant (D:8)
  2 scorpions
  5 wights (D:7)
  2 jellies (D:7)
  A gnoll bouda (D:8)
  4 orc priests
  3 hounds
  4 iguanas
  A sleepcap (D:7)
  4 orc wizards (D:6)
  3 gnolls (D:8)
  7 adders
  2 river rats (D:4)
  A shadow imp (D:4)
  A white imp (D:6)
  A worm (D:2)
  4 dart slugs
  19 orcs
  7 ball pythons
  8 endoplasms
  3 giant cockroaches
  12 hobgoblins
  12 jackals
  2 quokkas
  4 bats
  3 frilled lizards
  12 goblins
  3 kobolds
  2 rats
146 creatures vanquished.

Vanquished Creatures (others)
  2 plants (D:8)
2 creatures vanquished.

Grand Total: 148 creatures vanquished

Notes
Turn   | Place    | Note
-------+----------+-------------------------------------------
     0 | D:1      | porpoise the Merfolk Gladiator began the quest for the Orb.
     0 | D:1      | Reached XP level 1. HP: 16/16 MP: 1/1
     0 | D:1      | Noticed a tengu
     0 | D:1      | Noticed an octopode
     1 | D:1      | Noticed a formicid
     2 | D:1      | Noticed a vine stalker
     4 | D:1      | Noticed a merfolk
     8 | D:1      | Noticed an octopode
     9 | D:1      | Noticed a minotaur
    11 | D:1      | Noticed a minotaur
    11 | D:1      | Noticed a vampire
    13 | D:1      | Noticed a dwarf
    13 | D:1      | Noticed a minotaur
    15 | D:1      | Noticed a formicid
    15 | D:1      | Noticed a demonspawn
    15 | D:1      | Noticed a barachi
    17 | D:1      | Noticed a tengu
    17 | D:1      | Noticed a barachi
    17 | D:1      | Noticed a vampire
    19 | D:1      | Noticed an elf
    21 | D:1      | Noticed a tengu
    36 | D:1      | You fall into a shaft and drop 1 floor!
   274 | D:1      | Reached skill level 4 in Short Blades
   274 | D:1      | Reached XP level 2. HP: 23/23 MP: 2/2
   419 | D:1      | Reached skill level 1 in Stealth
   864 | D:1      | Reached XP level 3. HP: 26/28 MP: 3/3
  1719 | D:2      | Noticed Sigmund
  1730 | D:2      | Killed Sigmund
  1731 | D:2      | Reached skill level 6 in Short Blades
  1731 | D:2      | Reached XP level 4. HP: 27/37 MP: 4/4
  1731 | D:2      | Reached XP level 5. HP: 31/42 MP: 5/5
  2128 | D:3      | Reached XP level 6. HP: 37/48 MP: 6/6
  2389 | D:3      | Found a sacrificial altar of Ru.
  2736 | D:4      | Found a glowing drain.
  2740 | Sewer    | Entered a sewer
  2810 | Sewer    | Noticed a water moccasin
  2831 | Sewer    | Killed a water moccasin
  3070 | D:4      | Reached XP level 7. HP: 24/55 MP: 7/7
  3274 | D:4      | Reached skill level 7 in Short Blades
  3377 | D:4      | Identified the +6 dagger of Duty {freeze, *Noise rElec
                  | Will+}
  3738 | D:5      | Entered Level 5 of the Dungeon
  4030 | D:5      | Reached skill level 5 in Fighting
  4057 | D:5      | Reached skill level 8 in Short Blades
  4101 | D:5      | Reached skill level 5 in Stealth
  4101 | D:5      | Reached XP level 8. HP: 62/62 MP: 8/8
  4357 | D:5      | Found a blossoming altar of Fedhas.
  4359 | D:5      | Found a shimmering altar of Xom.
  4362 | D:5      | Found a shimmering blue altar of Sif Muna.
  4497 | D:6      | Found Jashrof's Assorted Antiques.
  4502 | D:6      | Bought an iron ring for 95 gold pieces
  4502 | D:6      | Bought a scroll labelled UNOCUO DOFU for 19 gold pieces
  4502 | D:6      | Bought a bubbling amethyst potion for 17 gold pieces
  4553 | D:6      | Found Tuvvac's General Store.
  4561 | D:6      | Bought a potion of curing for 39 gold pieces
  4592 | D:6      | Found Utwusies's Magic Scroll Emporium.
  4637 | D:6      | Noticed Blork the orc
  4640 | D:6      | Killed Blork the orc
  4689 | D:6      | Found Poinkim's General Store.
  4706 | D:6      | Found a shadowy altar of Dithmenos.
  4924 | D:6      | Reached skill level 9 in Short Blades
  4946 | D:6      | Found Duej's Antique Armour Emporium.
  5443 | D:7      | Reached XP level 9. HP: 69/69 MP: 9/9
  5470 | D:7      | Reached skill level 10 in Short Blades
  5789 | D:7      | Reached skill level 1 in Long Blades
  6034 | D:7      | Found a staircase to the Ecumenical Temple.
  6043 | Temple   | Entered the Ecumenical Temple
  6630 | D:8      | Reached skill level 1 in Armour
  6659 | D:8      | Reached skill level 5 in Dodging
  6791 | D:8      | HP: 3/72 [poisoned by a kobold brigand]
  6796 | D:8      | Killed from afar by an orc wizard

Illustrated notes

Levels and vault maps discovered:
D:1:      shiori_arrival_whats_in_store_for_you, layout_basic
D:2:      layout_rooms, grunt_decor_one_mirror, chequers_serial_rivers_room_a,
          uniq_sigmund
D:3:      layout_basic, pf_just_have_faith, hangedman_decor_points,
          minmay_stone_trees_small
D:4:      layout_rooms, gup_sewer_entry_bowl, st_stairs_8
D:5:      layout_cave_pools, led_sif_pool, grunt_temple_overflow_open
D:6:      layout_rooms, general_overflow_altar, serial_shops,
          nicolae_shop_stone, nicolae_shop_tiny_statue_garden,
          nicolae_shop_hallway_stairs, nicolae_stop_n_shop_2,
          nicolae_shop_just_a_little_nook, uniq_blork_the_orc
D:7:      layout_rooms, temple_fountains
D:8:      kennysheep_housing_project, layout_rooms, nicolae_uskayaw_dance_hall,
          special_room [special_room_orc], uniq_maggie
Temple:   eino_temple_water

Skill      XL: |  1  2  3  4  5  6  7  8  9 |
---------------+----------------------------+-----
Short Blades   | 4 6 8 9 10 | 10.0
Stealth        | 1 3 5 6 7 |  7.0
Fighting       | 3 4 5 6 7 |  7.0
Long Blades    | 3 |  3.0
Armour         | 1 |  1.8
Dodging        | 5 |  5.4
Throwing       | |  2.0

Action                     |  1- 3 |  4- 6 |  7- 9 || total
---------------------------+-------+-------+-------++-------
  Melee: Rapier            |   127 |   108 |    65 ||   300
         Punch             |     1 |       |     3 ||     4
         Dagger            |       |       |   188 ||   188
         Scimitar          |       |       |    43 ||    43
   Fire: Sling             |       |    10 |    13 ||    23
  Throw: Throwing net      |     2 |     1 |       ||     3
         Dart              |       |     4 |    15 ||    19
    Use: Scroll            |       |     7 |     5 ||    12
         Potion            |       |     2 |     3 ||     5
   Stab: Sleeping          |     5 |     3 |     6 ||    14
         Held in net/web   |     1 |     1 |       ||     2
         Distracted        |       |       |     3 ||     3
 Armour: Leather armour    |    24 |    19 |    53 ||    96
  Dodge: Dodged            |    82 |    52 |   135 ||   269

Table legend: (Time is in decaauts)
 A = Elapsed time spent in this place.
 B = Non-inter-level travel time spent in this place.
 C = Inter-level travel time spent in this place.
 D = Time resting spent in this place.
 E = Time spent auto-exploring this place.
 F = Levels seen in this place.
 G = Mean time per level.
                   A        B        C        D        E       F      G
               +--------+--------+--------+--------+--------+-----+--------+
         Total |   6580 |   6393 |    187 |   1903 |   3083 |  10 |  658.0 |
       Dungeon |   6145 |   5975 |    170 |   1746 |   2949 |   8 |  768.1 |
        Temple |    160 |    143 |     17 |      0 |    134 |   1 |  160.0 |
         Sewer |    274 |    274 |      0 |    157 |      0 |   1 |  274.0 |
               +--------+--------+--------+--------+--------+-----+--------+

Top non-repeatable levels by time:
     D:1: 1262 daAuts
     D:7: 1061 daAuts
     D:3: 871 daAuts
     D:4: 755 daAuts
     D:5: 739 daAuts
     D:6: 726 daAuts
     D:2: 538 daAuts
   Sewer: 274 daAuts
     D:8: 189 daAuts
  Temple: 160 daAuts
